 Dungeon Crawl Stone Soup version 0.31.0-9-g3a7656b989 (webtiles) character file.

Game seed: 13166660672945217514

2682307 notrandom the Slayer (level 26, 264/264 HPs)
             Began as a Minotaur Fighter on Jan 23, 2024.
             Was the Champion of Cheibriados.
             Escaped with the Orb
             ... and 4 runes on Jan 24, 2024!
             The game lasted 03:30:31 (55851 turns).

notrandom the Slayer (Minotaur Fighter)            Turns: 55851, Time: 03:30:32

Health: 264/264    AC: 47    Str: 56    XL:     26   Next: 75%
Magic:  38/38      EV: 25    Int: 17    God:    Cheibriados [******]
Gold:   4985       SH: 32    Dex: 23    Spells: 13/29 levels left

rFire   + + .        a - +9 broad axe (heavy)
rCold   + + .        o - +2 tower shield
rNeg    + + +        g - +10 gold dragon scales
rPois   +            X - +2 hat of the Bear Spirit {Spirit, Bear, *Rage Will++}
rElec   +            c - +0 cloak "Pirus" {Str+4}
rCorr   +            B - +2 pair of gloves of Parts Unknown {rF+ MP+9 Int-2 Slay+4}
SInv    +            O - +1 pair of boots "Mojuarasm" {rElec rN+ Will++}
Will    +++++        h - amulet of reflection Stlth
                     u - ring "Rumor" {rC+ rCorr Dex+2 SInv}
HPRegen 0.64/turn    V - ring "Tofec" {Wiz rN++ Will+ Str+2 Dex-5}
MPRegen 0.26/turn

%: random rage (20%), reflection, guardian spirit, wizardry (x1)
@: studying Polearms, very slow
A: horns 2, retaliatory headbutt, low MP 1, strong 1
0: Orb of Zot
}: 4/15 runes: decaying, slimy, silver, gossamer
a: Renounce Religion, Bend Time, Temporal Distortion, Slouch, Step From Time


You escaped.
You worshipped Cheibriados.
Cheibriados was exalted by your worship.
You visited 12 branches of the dungeon, and saw 56 of its levels.
You also visited: Ossuary, Gauntlet, Ice Cave, Wizlab and Desolation.

You collected 7772 gold pieces.
You spent 2787 gold pieces at shops.

Inventory:

Hand Weapons
 a - a +9 heavy broad axe (weapon)
 I - a +2 demon whip of freezing
Missiles
 Q - a throwing net
Armour
 c - the +0 cloak "Pirus" (worn) {Str+4}
   (You found it in a Gauntlet)

   Str+4:     It affects your strength (+4).
 f - the +2 cloak of Chill Winds {rPois}
   (You found it in a wizard's laboratory)

   rPois:     It protects you from poison
 g - +10 gold dragon scales (worn)
 o - a +2 tower shield (worn)
 p - the +1 cloak of the Skies Above {rCorr SInv}
   (You found it in a wizard's laboratory)

   SInv:      It lets you see invisible.
   rCorr:     It protects you from acid and corrosion.
 B - the +2 pair of gloves of Parts Unknown (worn) {rF+ MP+9 Int-2 Slay+4}
   (You found it in the Desolation of Salt)

   Int-2:     It affects your intelligence (-2).
   Slay+4:    It affects your accuracy & damage with ranged weapons and melee
   (+4).
   rF+:       It protects you from fire.
   MP+9:      It affects your magic capacity (+9).
 O - the +1 pair of boots "Mojuarasm" (worn) {rElec rN+ Will++}
   (You acquired it on level 3 of the Elven Halls)

   rElec:     It insulates you from electricity.
   rN+:       It protects you from negative energy.
   Will++:    It greatly increases your willpower.
 X - the +2 hat of the Bear Spirit (worn) {Spirit, Bear, *Rage Will++}
   (You bought it in a shop on level 2 of the Orcish Mines)

   Bear:      Going berserk makes the wearer exceptionally tough, and they are
   slowed for a shorter time afterward.
   Will++:    It greatly increases your willpower.
   *Rage:     It berserks you when you make melee attacks (+20% chance).
Magical Staves
 S - the staff of Wu Jian's Reproof {^Contam +Blink rElec Int+4 Dex+3 Air}
   (You found it on level 3 of the Crypt)

   [staff of air]

   Base accuracy: +5 Base damage: 5 Base attack delay: 1.2 This weapon's minimum
   attack delay (0.6) is reached at skill level 12.
   Int+4:     It affects your intelligence (+4).
   Dex+3:     It affects your dexterity (+3).
   rElec:     It insulates you from electricity.
   +Blink:    It lets you blink.
   ^Contam:   It causes magical contamination when unequipped.
   Air:       It increases the power of your Air spells.
   It falls into the 'Staves' category.
   It is a one-handed weapon.
Jewellery
 h - an amulet of reflection (around neck)
 i - the ring of Faggaaxu {rC+ Str+6 Int+5 Dex-2 Stlth+}
   (You took it off a spriggan air mage on level 3 of the Depths)

   [ring of strength]

   Str+6:     It affects your strength (+6).
   Int+5:     It affects your intelligence (+5).
   Dex-2:     It affects your dexterity (-2).
   rC+:       It protects you from cold.
   Stlth+:    It makes you more stealthy.
 l - an amulet of regeneration
 u - the ring "Rumor" (left hand) {rC+ rCorr Dex+2 SInv}
   (You found it on level 3 of the Depths)

   [ring of resist corrosion]

   Dex+2:     It affects your dexterity (+2).
   rC+:       It protects you from cold.
   SInv:      It lets you see invisible.
   rCorr:     It protects you from acid and corrosion.
 x - the ring "Ewkiv" {rPois rCorr Dex+3}
   (You took it off a deep elf annihilator on level 3 of the Elven Halls)

   [ring of resist corrosion]

   Dex+3:     It affects your dexterity (+3).
   rPois:     It protects you from poison rCorr: It protects you from acid and
   corrosion.
 M - the ring of the Hurling Gods {Wiz rCorr}
   (You took it off a vampire mage on level 2 of the Crypt)

   [ring of wizardry]

   Wiz:       It improves your spell success rate.
   rCorr:     It protects you from acid and corrosion.
 R - a ring of flight
 U - the amulet of Relativism {Acrobat Slay+2}
   (You found it on level 3 of the Depths)

   [amulet of the acrobat]

   Acrobat:   It increases your evasion while moving and waiting.
   Slay+2:    It affects your accuracy & damage with ranged weapons and melee
   (+2).
 V - the ring "Tofec" (right hand) {Wiz rN++ Will+ Str+2 Dex-5}
   (You took it off a deep elf elementalist on level 3 of the Elven Halls)

   [ring of wizardry]

   Wiz:       It improves your spell success rate.
   Str+2:     It affects your strength (+2).
   Dex-5:     It affects your dexterity (-5).
   rN++:      It greatly protects you from negative energy.
   Will+:     It increases your willpower.
Wands
 v - a wand of digging (25)
 A - a wand of acid (21)
 H - a wand of polymorph (28)
 K - a wand of paralysis (90)
 Z - a wand of roots (20)
Scrolls
 e - 6 scrolls of enchant weapon
 m - 10 scrolls of fog
 s - 3 scrolls of silence
 t - 22 scrolls of teleportation
 z - 5 scrolls of blinking
 C - 9 scrolls of vulnerability
 F - 14 scrolls of fear
 L - 9 scrolls of poison
 Y - 6 scrolls of summoning
Potions
 d - 7 potions of might
 j - 7 potions of ambrosia
 k - 9 potions of mutation
 n - 3 potions of resistance
 q - 26 potions of curing
 w - 10 potions of heal wounds
 D - 4 potions of brilliance
 E - 9 potions of lignification
 G - 5 potions of attraction
 N - 12 potions of enlightenment
 P - 5 potions of cancellation
 T - 2 potions of magic
 W - 4 potions of invisibility
Miscellaneous
 b - a tin of tremorstones (2/2)
 r - a phantom mirror
 y - a box of beasts
 J - a phial of floods


   Skills:
 + Level 26.8 Fighting
 + Level 23.7 Axes
 + Level 25.8 Armour
 + Level 20.5 Dodging
 + Level 21.7 Shields
 - Level 2.0 Spellcasting
 - Level 10.0 Necromancy
 - Level 8.0 Translocations
 * Level 5.0 Air Magic
 - Level 6.0 Earth Magic
 - Level 14.0 Invocations
 - Level 6.0 Evocations


You had 13 spell levels left.
You knew the following spells:

 Your Spells              Type           Power      Damage    Failure   Level
a - Fugue of the Fallen   Necr           35%        N/A       1%          3
b - Blink                 Tloc           56%        N/A       1%          2
c - Passwall              Erth           22%        N/A       6%          3
d - Dispel Undead         Necr           35%        3d15      4%          4
e - Vhi's Electric Charg  Tloc/Air       46%        N/A       16%         4

Your spell library contained the following spells:

 Spells                   Type           Power      Damage    Failure   Level
 Apportation              Tloc           56%        N/A       1%          1
 Necrotise                Necr           100%       1d9       1%          1
 Lesser Beckoning         Tloc           56%        N/A       1%          2
 Vampiric Draining        Necr           35%        2d8       1%          3
 Sandblast                Erth           44%        2d11      2%          1
 Gell's Gravitas          Tloc           28%        N/A       2%          3
 Teleport Other           Tloc           28%        N/A       2%          3
 Kiss of Death            Conj/Necr      72%        2d10      3%          1
 Cigotuvi's Dreadful Rot  Necr/Alch/Air  36%        N/A       4%          2
 Animate Dead             Necr           35%        N/A       4%          4
 Shock                    Conj/Air       40%        1d5       9%          1
 Manifold Assault         Tloc           28%        N/A       9%          4
 Swiftness                Air            18%        N/A       10%         3
 Curse of Agony           Necr           35%        N/A       12%         5
 Mercury Vapours          Alch/Air       20%        N/A       13%         2
 Volatile Blastmotes      Fire/Tloc      30%        2d12      14%         3
 Stone Arrow              Conj/Erth      22%        3d8       21%         3
 Foxfire                  Conj/Fire      4%         2x1d4     24%         1
 Magic Dart               Conj           4%         1d3       24%         1
 Sting                    Conj/Alch      4%         1d3       24%         1
 Summon Small Mammal      Summ           4%         N/A       24%         1
 Borgnjor's Vile Clutch   Necr/Erth      14%        N/A       26%         5
 Airstrike                Air            9%         2d(2-18)  30%         4
 Anguish                  Hex/Necr       9%         N/A       30%         4
 Martyr's Knell           Necr/Summ      18%        N/A       30%         4
 Ensorcelled Hibernation  Hex/Ice        2%         N/A       34%         2
 Jinxbite                 Hex            2%         N/A       34%         2
 Scorch                   Fire           2%         2d5       34%         2
 Mephitic Cloud           Conj/Alch/Air  7%         N/A       34%         3
 Dimensional Bullseye     Hex/Tloc       7%         N/A       41%         4
 Death Channel            Necr           17%        N/A       50%         6
 Animate Armour           Summ/Erth      22%        N/A       54%         4
 Brom's Barrelling Bould  Conj/Erth      11%        2d3       54%         4
 Leda's Liquefaction      Alch/Erth      5%         N/A       54%         4
 Petrify                  Alch/Erth      11%        N/A       54%         4
 Call Canine Familiar     Summ           1%         N/A       56%         3
 Confusing Touch          Hex            1%         N/A       56%         3
 Dazzling Flash           Conj/Hex       2%         N/A       56%         3
 Frozen Ramparts          Ice            2%         1d1       56%         3
 Hailstorm                Conj/Ice       1%         3d5       56%         3
 Sigil of Binding         Hex            1%         N/A       56%         3
 Summon Ice Beast         Ice/Summ       1%         N/A       56%         3
 Dispersal                Tloc           14%        N/A       77%         6
 Flame Wave               Conj/Fire      1%         2d4       91%         4
 Fulminant Prism          Conj/Alch      0%         3d5       91%         4
 Ignite Poison            Fire/Alch      1%         N/A       91%         4
 Olgreb's Toxic Radiance  Alch           1%         N/A       91%         4
 Arcjolt                  Conj/Air       5%         1d15      91%         5
 Freezing Cloud           Conj/Ice/Air   3%         6-21      96%         5
 Alistair's Intoxication  Alch           0%         N/A       99%         5
 Fireball                 Conj/Fire      0%         3d3       99%         5
 Iskenderun's Battlesphe  Conj           1%         2d6       99%         5
 Metabolic Englaciation   Hex/Ice        0%         N/A       99%         5
 Summon Mana Viper        Hex/Summ       1%         N/A       99%         5
 Bombard                  Conj/Erth      5%         9d2       100%        6
 Conjure Ball Lightning   Conj/Air       5%         3x3d6     100%        6
 Plasma Beam              Fire/Air       5%         2x1d15    100%        6
 Sculpt Simulacrum        Ice/Alch       0%         N/A       100%        6
 Starburst                Conj/Fire      0%         6d3       100%        6
 Summon Cactus Giant      Summ           0%         N/A       100%        6
 Haunt                    Necr/Summ      9%         N/A       100%        7
 Malign Gateway           Summ/Tloc      7%         N/A       100%        7
 Monstrous Menagerie      Summ           0%         N/A       100%        7
 Ozocubu's Refrigeration  Ice            0%         4d7       100%        7
 Borgnjor's Revivificati  Necr           17%        N/A       100%        8
 Disjunction              Tloc           14%        N/A       100%        8
 Ignition                 Fire           0%         3d3       100%        8
 Infestation              Necr           17%        N/A       100%        8
 Maxwell's Capacitive Co  Air            9%         ∞         100%        8
 Chain Lightning          Conj/Air       5%         3d6       100%        9
 Death's Door             Necr           17%        N/A       100%        9
 Fire Storm               Conj/Fire      0%         6d1       100%        9
 Polar Vortex             Ice            0%         N/A       100%        9


Dungeon Overview and Level Annotations

Branches:
Dungeon (15/15)            Temple (1/1) D:7            Lair (5/5) D:8
  Swamp (4/4) Lair:2       Spider (4/4) Lair:3        Slime (5/5) Lair:5
    Orc (2/2) D:11            Elf (3/3) Orc:2        Vaults (5/5) D:14
  Crypt (3/3) Vaults:3       Tomb (0/3) Crypt:3      Depths (4/4) D:15
    Zot (5/5) Depths:4    Ossuary (visited)           IceCv (visited)
 WizLab (visited)         Desolation (visited)      Gauntlet (visited)

Altars:
Ashenzari
Cheibriados
Dithmenos
Elyvilon
Fedhas
Gozag
Hepliaklqana
Kikubaaqudgha
Makhleb
Nemelex Xobeh
Okawaru
Qazlal
Ru
Sif Muna
Trog
Uskayaw
Vehumet
Wu Jian
Xom
Yredelemnul
Zin
The Shining One
Jiyva

Shops:
D:3 *   D:4 (   D:9 *   Orc:1 *   Orc:2 !*[*   Elf:2 *   Vaults:1 (!
Vaults:4 (   Depths:2 *   Depths:4 ?

Portals:
Hell: Depths:1 Depths:2 Depths:3 Depths:4
Abyss: Crypt:2 Depths:3
Pandemonium: Depths:2 Depths:3 Depths:4
Ziggurat: Depths:3

Annotations:
D:3 need digging, 1 exclusion
Crypt:2 2 transporters, Roocroe's ghost, veteran MiGl
Depths:3 2 runed translucent doors


Innate Abilities, Weirdness & Mutations

You have a pair of horns on your head.
You reflexively headbutt those who attack you in melee.
Your magical capacity is low. (-10% MP)
Your muscles are strong. (Str +4, Int/Dex -1)


Message History

You hit the Hell Sentinel but do no damage.
You block Ybbog's attack. Ybbog hits you. Ybbog corrodes you!
You block the Hell Sentinel's attack. x3; The Hell Sentinel barely misses you.
Ybbog completely misses you. You furiously retaliate!
You headbutt Ybbog! You cut Ybbog into ribbons!!!
You kill Ybbog!
Cheibriados thoroughly appreciates the change of pace.
You slice the Hell Sentinel like a ripe choko!!!!
The Hell Sentinel completely misses you.
The Hell Sentinel hits you but does no damage.
Your Air Magic skill increases to level 5!
You cut the Hell Sentinel into ribbons!!!
You headbutt the Hell Sentinel.
You kill the Hell Sentinel!
Cheibriados appreciates the change of pace.
You completely miss the shadow demon. You headbutt the shadow demon!
The shadow demon is lightly wounded.
You block the shadow demon's attack. x2
You barely miss the shadow demon. Your headbutt misses the shadow demon.
The shadow demon is lightly wounded.
You feel yourself speed up. You block the shadow demon's attack.
You chop the shadow demon into pieces!!!!
You kill the shadow demon!
Cheibriados appreciates the change of pace.
The bat dissolves into shadows!
The giant cockroach dissolves into shadows!
The kobold dissolves into shadows!
Training target 8.0 for Translocations reached!
Your Translocations skill increases to level 8!
No target in view!
No target in view!
No target in view!
Magic restored.
You are no longer corroded.
There is an open door here.
You recover from your berserk rage.
There is an open door here.
There is a staircase leading out of the dungeon here.
You have escaped!

#≈# #.## ####.## ##'# ### #.#
##.#÷## #.# #.# ##.###.#### #.#
##### #.# #.## ##...#######.#
#...## #.#########........##...
.###.########.#8.##.###.###.#....
.# #..#..........#..# #.# #.##...
.######8..8..8...##.# #.###.###.#
#.....'.........@##.# #..........
#######8..8..8...##.# #####.###.#
#..........##.# #.# #.#
#######.#8.##.#######.# #..
#'#####....)....# #.# #.#
########### #.# #.# #.#
########## #.####### #.#
#........# #.##....####### #.#


There were no monsters in sight!

Vanquished Creatures
  the Royal Jelly (Slime:5)
  2 ancient liches
  3 dread liches
  An orb of fire (Zot:5)
  A juggernaut (Depths:3)
  2 pandemonium lords (D:1)
  Bai Suzhen (Crypt:2)
  Saint Roka (Orc:2)
  4 Killer Klowns (Zot:5)
  2 caustic shrikes
  2 curse toes (Zot:2)
  the Lernaean hydra (Swamp:4)
  The ghost of Voberhig the Impregnable, an adept MiBe of Trog (Elf:2)
  Arachne (Spider:4)
  A profane servitor (WizLab)
  2 bone dragons
  10 golden dragons
  2 electric golems
  2 doom hounds (Zot:1)
  2 Hell Sentinels
  A shard shrike zombie (Crypt:3)
  Jorgrun (Swamp:1)
  23 tentacled monstrosities
  Grunn (Zot:1)
  24 Orb Guardians
  Rupert (D:15)
  9 liches
  A walking crystal tome (Depths:2)
  7 titans
  2 walking divine tomes (Depths:2)
  3 deep elf blademasters
  8 quicksilver dragons
  2 deep elf master archers (Elf:3)
  4 sphinxes
  An Executioner (Zot:3)
  8 death cobs
  A tentacled starspawn (WizLab)
  15 acid blobs
  6 ancient champions
  An eldritch tentacle (WizLab)
  10 tengu reavers
  The ghost of Detar the Severer, an adept HOFi of Beogh (Spider:3)
  8 protean progenitors (Zot:2)
  Agnes (Spider:1)
  15 shadow dragons
  16 storm dragons
  2 revenants (Crypt:1)
  5 azure jellies (Slime:5)
  2 draconian knights (Zot:1)
  The ghost of Lueha the Eclecticist, an adept DECj of Vehumet (Elf:2)
  The ghost of Lueha the Eclecticist, an adept DECj of Vehumet (Elf:2)
  Roxanne (Elf:3)
  10 fire giants
  2 iron dragons
  12 rockslimes
  5 draconian monks
  14 vault wardens
  7 emperor scorpions (Spider:4)
  14 ghost moths
  8 deep elf sorcerers
  8 frost giants
  A draconian scorcher (Zot:3)
  An imperial myrmidon (Desolation)
  2 ghouls
  An angel (D:9)
  3 draconian shifters
  A balrug (WizLab)
  2 deep elf elementalists (Elf:3)
  3 curse skulls
  2 draconian annihilators
  13 ironbound preservers
  4 reapers
  17 stone giants
  The ghost of Ikly the Bludgeoner, a journeyman GrFi of Okawaru (Spider:2)
  5 draconian stormcallers
  24 very ugly things
  5 ironbound thunderhulks
  A demonspawn corrupter (WizLab)
  An orc warlord (Vaults:1)
  A juggernaut zombie (Crypt:3)
  2 cacodemons
  8 formless jellyfish
  5 spriggan defenders
  14 quicksilver oozes
  9 deep elf demonologists
  5 broodmothers
  6 vampire knights
  A caustic shrike skeleton (Crypt:2)
  An eleionoma (Swamp:3)
  6 black draconians
  9 green draconians
  4 halazid warlocks (Desolation)
  A demonspawn black sun (Depths:3)
  4 bunyips
  8 deep elf death magi
  A minotaur (Gauntlet)
  3 spark wasps
  8 dire elephants
  4 purple draconians
  A lorocyproca (Zot:2)
  9 white draconians
  5 yellow draconians
  4 deep elf annihilators (Elf:3)
  5 red draconians
  6 war gargoyles
  4 eidola
  7 jiangshi
  5 crystal guardians
  The ghost of Firil the Destroyer, a journeyman OpFE of Vehumet (Lair:1)
  7 ettins
  12 fire dragons
  2 shambling mangroves
  5 ragged hierophants (Desolation)
  3 deep elf high priests
  10 yaktaur captains
  8 entropy weavers
  A fenstrider witch zombie (Crypt:3)
  5 ice dragons
  A hell beast (Gauntlet)
  36 vault guards
  9 great orbs of eyes
  2 spriggan zombies
  An entropy weaver (shapeshifter) (Elf:1)
  5 rakshasas
  6 servants of whispers (Desolation)
  6 catoblepae
  11 alligators
  8 peacekeepers
  3 jorogumos
  18 hydras
  2 ogre magi (Vaults:5)
  7 spriggan air magi
  A ghost crab (Swamp:1)
  2 caustic shrike simulacra (IceCv)
  7 radroaches
  A spriggan skeleton (Crypt:3)
  8 ironbound frosthearts
  11 boulder beetles
  12 centaur warriors
  2 death knights
  4 two-headed ogres
  6 demonic crawlers
  A bennu zombie (Crypt:2)
  A death scarab (Spider:3)
  2 tengu warriors
  6 vampire magi
  13 death yaks
  A fenstrider witch skeleton (Crypt:2)
  5 soul eaters
  A deep troll shaman (Depths:2)
  2 thrashing horrors (WizLab)
  8 deep troll earth magi
  5 spriggan berserkers
  9 hell knights
  A naga sharpshooter (D:15)
  4 orc high priests (Orc:2)
  An occultist (D:15)
  A shock serpent (shapeshifter) (Vaults:5)
  22 deep elf knights
  A fire crab (D:15)
  3 sun demons
  14 skeletal warriors
  7 pharaoh ants
  A skyshark (shapeshifter) (WizLab)
  A death drake (WizLab)
  A shadow wraith (Crypt:3)
  4 sixfirhies
  2 iron trolls (Depths:3)
  2 bunyip zombies (Crypt:2)
  A goliath frog (shapeshifter) (D:15)
  4 goliath frogs
  13 swamp dragons
  5 glowing orange brains
  2 bog bodies
  A death drake (shapeshifter) (Vaults:5)
  A sea snake (shapeshifter) (Vaults:5)
  3 obsidian statues
  10 deep trolls
  6 sun moths
  A sun moth (shapeshifter) (Vaults:5)
  12 orb spiders
  11 arcanists
  2 shadow demons
  2 orange crystal statues
  2 spriggan simulacra (Crypt:2)
  A storm dragon skeleton (WizLab)
  7 deep elf archers
  A harpy (shapeshifter) (D:14)
  5 flayed ghosts
  8 lindwurms
  A shadow dragon zombie (Vaults:5)
  A tengu zombie (Vaults:4)
  13 ironbound convokers
  9 phantasmal warriors
  9 steelbarb worms
  3 spriggan druids
  13 deep elf pyromancers
  10 necromancers
  6 orc knights
  An iron dragon zombie (Crypt:1)
  7 human zombies
  2 oklob plants
  A goliath frog zombie (Crypt:2)
  24 deep elf zephyrmancers
  22 wolf spiders
  7 manticores
  A wolf spider (shapeshifter) (Depths:2)
  A cyclops (shapeshifter) (Vaults:5)
  39 ugly things
  2 shining eyes (shapeshifter) (Depths:3)
  4 orc sorcerers
  Maurice (Orc:1)
  15 moths of wrath
  3 shining eyes
  A worldbinder (WizLab)
  3 will-o-the-wisps
  4 salamanders (D:15)
  2 cyclopes
  2 manticores (shapeshifter) (Depths:2)
  A black mamba (shapeshifter) (Elf:1)
  2 meliai (shapeshifter)
  3 large abominations
  7 elephants
  A kobold blastminer (Orc:1)
  A water nymph (shapeshifter) (Vaults:5)
  105 slime creatures
  3 smoke demons
  13 vault sentinels
  A black mamba (Lair:3)
  4 eyes of devastation
  3 orange demons
  A molten gargoyle (Gauntlet)
  Joseph (D:9)
  8 gargoyles
  5 torpor snails
  3 guardian serpents (Desolation)
  A catoblepas zombie (Crypt:2)
  3 efreet
  A rime drake (shapeshifter) (Elf:1)
  A hellion (Depths:2)
  15 cane toads
  An unseen horror (WizLab)
  7 rime drakes
  25 yaktaurs
  A dire elephant skeleton (Crypt:2)
  A green draconian zombie (Crypt:3)
  A yaktaur skeleton (Vaults:5)
  6 komodo dragons
  9 freezing wraiths
  3 guardian mummies (Crypt:1)
  2 tengu conjurers (D:15)
  A red draconian skeleton (Crypt:1)
  A queen bee (shapeshifter) (Elf:1)
  8 trolls
  A troll (shapeshifter) (Depths:2)
  17 hornets
  A hydra skeleton (Crypt:2)
  5 polar bears
  21 blink frogs
  A wolf spider simulacrum (D:15)
  An alligator simulacrum (IceCv)
  2 raiju (D:15)
  7 tyrant leeches
  A fire dragon zombie (Crypt:3)
  55 saltlings (Desolation)
  2 stone giant simulacra
  31 tarantellas
  A death drake skeleton (Crypt:1)
  A glass eye (Slime:5)
  35 jumping spiders
  10 dream sheep (Lair:4)
  3 wraiths (Crypt:1)
  3 air elementals
  3 wyverns
  14 spriggans
  2 shadows
  28 culicivoras
  66 yaks
  2 vampires
  A hog (shapeshifter) (D:15)
  A basilisk (shapeshifter) (Elf:1)
  11 water elementals
  A yak (shapeshifter) (Elf:3)
  2 ynoxinuls (Depths:1)
  A dire elephant simulacrum (IceCv)
  2 fire elementals (Elf:1)
  3 wargs
  10 golden eyes
  68 dancing weapons
  A neqoxec (D:3)
  A steam dragon (D:9)
  11 vampire mosquitoes
  2 harpy simulacra (IceCv)
  71 redbacks
  Menkaure (D:5)
  A deep troll zombie (Crypt:3)
  A chaos spawn (D:4)
  A skyshark zombie (Crypt:3)
  13 swamp worms
  8 water moccasins
  2 acid dragons
  2 hell hounds (Gauntlet)
  An ogre skeleton (Vaults:4)
  31 orc warriors
  A black bear (Lair:2)
  8 swamp drakes
  2 sky beasts (D:7)
  A meliai simulacrum (D:15)
  A lindwurm zombie (Crypt:3)
  2 manticore zombies (Crypt:2)
  2 ettin simulacra (IceCv)
  14 wolves
  9 boggarts
  3 laughing skulls
  4 ice beasts
  A dream sheep skeleton (Crypt:1)
  An elephant zombie (Crypt:1)
  17 centaurs
  2 ogres
  An elf zombie (D:6)
  A phantom (D:5)
  2 kobold brigands
  A weeping skull (Ossuary)
  A draconian zombie (Crypt:3)
  A vine stalker zombie (Crypt:2)
  18 bullfrogs
  A brain worm (shapeshifter) (Elf:1)
  2 gnoll sergeants
  5 earth elementals
  An elf skeleton (Crypt:1)
  2 small abominations
  2 scorpions
  A glowing shapeshifter simulacrum (Vaults:4)
  5 water moccasin zombies (Ossuary)
  9 wights
  A raiju zombie (Crypt:1)
  5 killer bees (D:11)
  A howler monkey (D:7)
  5 electric eels
  2 jellies (D:6)
  5 hounds
  3 bombardier beetles
  32 orc priests
  A sleepcap (D:4)
  Jessica (D:2)
  3 gnoll boudas
  3 human skeletons
  2 iguanas
  35 orc wizards
  A scorpion zombie (Crypt:2)
  A killer bee zombie (Crypt:1)
  3 crocodile zombies (Ossuary)
  5 mummies
  21 gnolls
  7 adders
  A shadow imp (D:7)
  2 ufetubi (D:6)
  3 adder zombies (Ossuary)
  A lava snake zombie (Crypt:3)
  A dart slug (D:4)
  81 orcs
  5 endoplasms
  A giant cockroach (D:1)
  10 gnoll zombies (Ossuary)
  6 goblins
  5 hobgoblins
  11 jackals
  2 quokkas
  7 ball pythons
  11 bats
  2 frilled lizards (D:3)
  2 jackal zombies (Ossuary)
  20 kobolds
  A kobold skeleton (Crypt:1)
  3 orc zombies (Ossuary)
  6 rats
  An aspiring flesh (Zot:2)
  2 spectral weapons (Desolation)
  2 starspawn tentacles (WizLab)
2437 creatures vanquished.

Vanquished Creatures (collateral kills)
  An emperor scorpion (Spider:4)
  An entropy weaver (Spider:4)
  2 servants of whispers (Desolation)
  A saltling (Desolation)
5 creatures vanquished.

Vanquished Creatures (others)
  A lich (Crypt:3)
  An eldritch tentacle (WizLab)
  A draconian knight (Zot:5)
  An emperor scorpion (Spider:4)
  A vault warden (Vaults:5)
  A deep elf knight (Elf:2)
  A deep elf pyromancer (Elf:1)
  A bloated husk (Swamp:2)
  A basilisk (shapeshifter) (D:15)
  A golden eye (Slime:4)
  10 foxfires (Swamp:3)
  4 spectral weapons
24 creatures vanquished.

Grand Total: 2466 creatures vanquished

Notes
Turn   | Place    | Note
-------+----------+-------------------------------------------
     0 | D:1      | notrandom the Minotaur Fighter began the quest for the Orb.
     0 | D:1      | Reached XP level 1. HP: 19/19 MP: 0/0
   378 | D:1      | Reached XP level 2. HP: 27/27 MP: 1/1
   658 | D:1      | Reached skill level 4 in Fighting
   804 | D:1      | Found a faded altar of an unknown god.
   823 | D:1      | Prayed at the altar of an unknown god.
   823 | D:1      | Became a worshipper of the Wu Jian Council
   823 | D:1      | Reached * piety under Wu Jian
  1197 | D:2      | Reached XP level 3. HP: 33/33 MP: 2/2
  1328 | D:2      | Noticed Jessica
  1336 | D:2      | Killed Jessica
  1641 | D:3      | Reached ** piety under Wu Jian
  1642 | D:3      | Reached XP level 4. HP: 33/41 MP: 3/3
  1780 | D:3      | Found Myfetsi's Assorted Antiques.
  1784 | D:3      | Bought a scroll labelled FESITU ROTZY for 27 gold pieces
  1784 | D:3      | Bought a bubbling clear potion for 24 gold pieces
  2182 | D:4      | Reached skill level 5 in Axes
  2190 | D:4      | Reached XP level 5. HP: 47/47 MP: 4/4
  2192 | D:4      | Reached skill level 5 in Fighting
  2426 | D:4      | Reached XP level 6. HP: 52/56 MP: 5/5
  2539 | D:4      | Reached *** piety under Wu Jian
  2629 | D:4      | Found Migg's Antique Weapon Boutique.
  2847 | D:5      | Entered Level 5 of the Dungeon
  2878 | D:5      | Reached skill level 6 in Fighting
  2961 | D:5      | Noticed Menkaure
  2970 | D:5      | Killed Menkaure
  2971 | D:5      | Reached XP level 7. HP: 22/64 MP: 6/6
  3298 | D:5      | Reached skill level 7 in Fighting
  3359 | D:5      | Identified the +5 ring mail "Isopp" {rC+}
  3587 | D:5      | Found a burning altar of Makhleb.
  3697 | D:6      | Reached XP level 8. HP: 73/73 MP: 7/7
  3821 | D:6      | Reached skill level 10 in Axes
  3826 | D:6      | Identified the +2 plate armour of Ziatrol {rC+ Dex+3 SInv}
  3844 | D:6      | Reached skill level 8 in Fighting
  3893 | D:6      | Found a sand-covered staircase.
  3901 | Ossuary  | Entered an ossuary
  3962 | Ossuary  | Reached **** piety under Wu Jian
  4129 | D:6      | Reached XP level 9. HP: 54/82 MP: 8/8
  4132 | D:6      | Reached skill level 5 in Armour
  4557 | D:7      | Reached ***** piety under Wu Jian
  4560 | D:7      | Reached skill level 9 in Fighting
  4619 | D:7      | Found a staircase to the Ecumenical Temple.
  4781 | D:7      | Found a stormy altar of Qazlal.
  5272 | Temple   | Entered the Ecumenical Temple
  5288 | Temple   | Fell from the grace of Wu Jian
  5288 | Temple   | Became a worshipper of Cheibriados the Contemplative
  5731 | D:8      | Noticed a polar bear
  5744 | D:8      | Killed a polar bear
  5748 | D:8      | Reached skill level 10 in Fighting
  5789 | D:8      | Reached XP level 10. HP: 85/89 MP: 9/9
  5790 | D:8      | Found a staircase to the Lair.
  5795 | D:8      | Reached * piety under Cheibriados
  6056 | D:8      | Reached skill level 1 in Invocations
  6529 | D:9      | Reached ** piety under Cheibriados
  6604 | D:9      | Noticed Joseph
  6615 | D:9      | Killed Joseph
  6756 | D:9      | Found Dorchago's Assorted Antiques.
  6759 | D:9      | Bought a scorched garnet amulet for 155 gold pieces
  6759 | D:9      | Identified the amulet "Zujuday" {Faith Slay+3 Stlth+} (You
                  | bought it in a shop on level 9 of the Dungeon)
  7044 | D:9      | Found a glowing silver altar of Zin.
  7046 | D:9      | Found an opulent altar of Gozag.
  7049 | D:9      | Found a hazy altar of Hepliaklqana.
  7260 | D:10     | Entered Level 10 of the Dungeon
  7306 | D:10     | Noticed a two-headed ogre
  7312 | D:10     | Killed a two-headed ogre
  7366 | D:10     | Reached skill level 11 in Fighting
  7732 | D:10     | Reached XP level 11. HP: 102/102 MP: 12/12
  7767 | D:10     | Reached *** piety under Cheibriados
  7770 | D:10     | Reached skill level 15 in Axes
  8148 | D:11     | Noticed a two-headed ogre
  8155 | D:11     | Killed a two-headed ogre
  8289 | D:11     | Reached **** piety under Cheibriados
  8299 | D:11     | Found a staircase to the Orcish Mines.
  8557 | D:11     | Was forgiven by Wu Jian
  8647 | D:11     | Reached skill level 5 in Invocations
  8674 | D:11     | Reached skill level 12 in Fighting
  9403 | Lair:1   | Entered Level 1 of the Lair of Beasts
  9469 | Lair:1   | Reached skill level 10 in Armour
  9469 | Lair:1   | Reached skill level 1 in Evocations
  9597 | Lair:1   | Reached XP level 12. HP: 103/113 MP: 15/15
  9671 | Lair:1   | Found a runed translucent door.
  9672 | Lair:1   | Noticed Firil's ghost (journeyman OpFE)
  9694 | Lair:1   | Reached ***** piety under Cheibriados
 10428 | Lair:1   | Killed Firil's ghost
 10469 | Lair:2   | Noticed a five-headed hydra
 10469 | Lair:2   | Noticed a boulder beetle
 10571 | Lair:2   | Killed a nine-headed hydra
 10572 | Lair:2   | Reached skill level 13 in Fighting
 10654 | Lair:2   | Noticed a seven-headed hydra
 10784 | Lair:2   | Killed a boulder beetle
 10814 | Lair:2   | Found a staircase to the Swamp.
 10837 | Lair:2   | Killed a seven-headed hydra
 11530 | Lair:3   | Noticed a catoblepas
 11544 | Lair:3   | Killed a catoblepas
 11545 | Lair:3   | Reached XP level 13. HP: 74/122 MP: 17/17
 11934 | Lair:3   | Reached ****** piety under Cheibriados
 12046 | Lair:3   | Reached skill level 5 in Evocations
 12104 | Lair:3   | Found a hole to the Spider Nest.
 12402 | Lair:3   | Identified the +5 great sword of Pilogg {flame, rC- Will-
                  | rCorr Dex+7}
 12405 | Lair:3   | Identified the +0 leather armour of the Heavens {rElec}
 12703 | Lair:4   | Reached skill level 14 in Fighting
 13487 | Lair:5   | Entered Level 5 of the Lair of Beasts
 13714 | Lair:5   | Found a viscous altar of Jiyva.
 13714 | Lair:5   | Found a staircase to the Slime Pits.
 13876 | Lair:5   | Reached XP level 14. HP: 91/133 MP: 19/19
 14243 | Lair:5   | Reached skill level 15 in Fighting
 14321 | Lair:5   | Reached skill level 10 in Invocations
 15197 | Orc:1    | Entered Level 1 of the Orcish Mines
 15197 | Orc:1    | Found Peudaec's Assorted Antiques.
 15424 | Orc:2    | Entered Level 2 of the Orcish Mines
 15487 | Orc:2    | Found a staircase to the Elven Halls.
 15570 | Orc:2    | Noticed Saint Roka
 15592 | Orc:2    | Killed Saint Roka
 15593 | Orc:2    | Reached skill level 16 in Fighting
 16071 | Orc:1    | Noticed Maurice
 16084 | Orc:1    | Paralysed by an orc sorcerer for 4 turns
 16095 | Orc:1    | Killed Maurice
 16305 | Orc:2    | Paralysed by an orc sorcerer for 4 turns
 16444 | Orc:2    | Reached skill level 15 in Armour
 16458 | Orc:2    | Found Tuitaede's General Store.
 16458 | Orc:2    | Found Banerets's General Store.
 16459 | Orc:2    | Found Hokugh's Distillery.
 16473 | Orc:2    | Found Umuniuh's Antique Armour Boutique.
 16496 | Orc:2    | Bought a potion of heal wounds for 85 gold pieces
 16575 | Orc:2    | Bought the +2 hat of the Bear Spirit {Spirit, Bear, *Rage
                  | Will++} for 802 gold pieces
 16575 | Orc:2    | Found the +2 hat of the Bear Spirit {Spirit, Bear, *Rage
                  | Will++}
 16582 | Orc:2    | Bought a potion of curing for 36 gold pieces
 16583 | Orc:2    | Bought 2 potions of heal wounds for 140 gold pieces
 16583 | Orc:2    | Bought a potion of heal wounds for 70 gold pieces
 16621 | Orc:1    | Bought an encrusted onyx ring for 135 gold pieces
 16847 | D:12     | Reached XP level 15. HP: 137/145 MP: 19/22
 17246 | D:12     | Reached skill level 1 in Dodging
 17369 | D:13     | Found a gate leading to a gauntlet.
 17393 | Gauntlet | Entered a Gauntlet
 17393 | Gauntlet | Found a transporter.
 17393 | Gauntlet | Found a transporter.
 17406 | Gauntlet | Found a transporter.
 17423 | Gauntlet | Found a transporter.
 17424 | Gauntlet | Found a transporter.
 17424 | Gauntlet | Found a transporter.
 17426 | Gauntlet | Found a transporter.
 17426 | Gauntlet | Found a transporter.
 17431 | Gauntlet | Found a runed translucent door.
 17436 | Gauntlet | Found a runed translucent door.
 17438 | Gauntlet | Found a transporter.
 17454 | Gauntlet | Found a transporter.
 17464 | Gauntlet | Found a transporter.
 17478 | Gauntlet | Found a transporter.
 17498 | Gauntlet | Found a transporter.
 17510 | Gauntlet | Found a transporter.
 17611 | Gauntlet | Identified the +0 cloak "Pirus" {Str+4}
 17681 | Gauntlet | Identified the +2 pair of boots of Hedge Wizardry {*Corrode
                  | Will+ Int+2}
 17721 | Gauntlet | Found the +3 crown of Dyrovepreva {rElec Int+2 SInv}
 17758 | Gauntlet | Identified the ring "Yxtazyd" {Wiz rC+ Str-4 Int+9}
 17759 | Gauntlet | Got the Atlas of Attacks
 17759 | Gauntlet | Got the Textbook on Embers and the Retinue
 18050 | D:13     | You fall into a shaft and drop 2 floors!
 18050 | D:15     | Entered Level 15 of the Dungeon
 18133 | D:15     | Reached skill level 5 in Shields
 18310 | D:13     | Reached skill level 17 in Fighting
 18687 | D:14     | Found a gate to the Vaults.
 19438 | D:15     | Identified the staff "Pojonk" {rElec Will+ Air}
 19488 | D:15     | Reached skill level 5 in Dodging
 19558 | D:15     | Found a staircase to the Depths.
 19560 | D:15     | Noticed Rupert
 19573 | D:15     | Killed Rupert
 19832 | D:15     | Reached XP level 16. HP: 128/145 MP: 19/24
 20488 | Swamp:1  | Entered Level 1 of the Swamp
 20496 | Swamp:1  | Noticed Jorgrun
 20504 | Swamp:1  | Killed Jorgrun
 20534 | Swamp:1  | Found a glacial archway.
 20536 | Swamp:1  | Got the Essays on the Serac
 20550 | IceCv    | Entered an ice cave
 20565 | IceCv    | Found a transporter.
 20597 | IceCv    | Found a transporter.
 20709 | IceCv    | Identified the +4 spear of Capital Punishment {speed, rElec
                  | rN+ Int-5 Dex+4}
 21211 | Swamp:2  | Reached skill level 18 in Fighting
 21244 | Swamp:2  | Identified the +5 ring mail of Jaettoink {Str+5}
 22384 | Swamp:4  | Entered Level 4 of the Swamp
 22902 | Swamp:4  | Reached XP level 17. HP: 64/166 MP: 5/26
 23032 | Swamp:4  | Noticed the 27-headed Lernaean hydra
 23147 | Spider:1 | Entered Level 1 of the Spider Nest
 23222 | Spider:1 | Reached skill level 10 in Shields
 23578 | Spider:1 | Noticed Agnes
 23582 | Spider:1 | Killed Agnes
 23912 | Spider:2 | Found a runed translucent door.
 23912 | Spider:2 | Noticed Ikly's ghost (journeyman GrFi)
 23993 | Spider:2 | Killed Ikly's ghost
 23995 | Spider:2 | Identified the +6 flail "Dyhih" {speed, rF+ rC+ rCorr
                  | Int+3}
 24143 | Spider:2 | Reached skill level 19 in Fighting
 25041 | Spider:3 | Reached skill level 10 in Dodging
 25424 | Spider:3 | Found a runed translucent door.
 25424 | Spider:3 | Noticed Detar's ghost (adept HOFi)
 25437 | Spider:3 | Killed Detar's ghost
 25466 | Spider:4 | Entered Level 4 of the Spider Nest
 25530 | Spider:4 | Reached XP level 18. HP: 126/176 MP: 19/27
 26169 | Spider:4 | Noticed Arachne
 26207 | Spider:4 | Reached skill level 20 in Fighting
 26552 | Spider:4 | Killed Arachne
 26827 | Spider:4 | Got a gossamer rune of Zot
 26973 | Spider:4 | Learned a level 3 spell: Fugue of the Fallen
 27231 | Vaults:1 | Entered Level 1 of the Vaults
 27352 | Vaults:1 | Reached skill level 1 in Necromancy
 27544 | Vaults:1 | Found Hubbotz's Distillery.
 27551 | Vaults:1 | Bought a potion of curing for 45 gold pieces
 27551 | Vaults:1 | Bought a potion of curing for 45 gold pieces
 27551 | Vaults:1 | Bought a potion of curing for 45 gold pieces
 27602 | Vaults:1 | Found Siaci's Weapon Shoppe.
 28099 | Vaults:1 | Reached skill level 1 in Spellcasting
 28336 | Vaults:2 | Found a crumbling gateway.
 28463 | Desolati | Entered the Desolation of Salt
 28650 | Desolati | Reached XP level 19. HP: 187/187 MP: 26/28
 28728 | Desolati | Identified the +11 mace of Prudence {flame, rElec rPois
                  | Will++ Str-5}
 29372 | Desolati | Identified the +1 halberd "Vatrawolu" {freeze, rF+ Dex+4}
 29390 | Desolati | Found the +5 glaive of the Guard {elec, spectral}
 29411 | Desolati | Identified the ring "Jug Kin" {*Corrode rF++ MP+9 Str+3
                  | Stlth+}
 29469 | Desolati | Identified the amulet "Vusuger" {RegenMP rN+}
 29477 | Desolati | Got the Commentary on Massed Shadows
 29498 | Desolati | Identified the +7 dagger "Lisaum" {drain, rC+ MP+9}
 29501 | Desolati | Identified the +5 ring mail of Amorality {*Corrode +Inv
                  | Regen+ Dex+7}
 29505 | Desolati | Identified the +2 pair of gloves of Parts Unknown {rF+ MP+9
                  | Int-2 Slay+4}
 29508 | Desolati | Identified the +4 spear "Necuav" {distort, Fly rPois Will+}
 29511 | Desolati | Identified the +7 ring mail of Evolution {^Drain rElec
                  | Will+ MP+9}
 29512 | Desolati | Identified the +0 ring mail of Kygimpue {Regen+ Int+3}
 29519 | Desolati | Identified the +3 leather armour of Comyrocux {rF- Will+++
                  | Str+2 SInv}
 29817 | Vaults:2 | Reached skill level 5 in Necromancy
 31092 | Vaults:3 | Reached skill level 21 in Fighting
 31339 | Vaults:3 | Found a staircase to the Crypt.
 31851 | Vaults:4 | Found Cieh's Weapon Boutique.
 31961 | Vaults:4 | Noticed a Tzitzimitl
 31963 | Vaults:4 | Noticed a Brimstone Fiend
 32348 | Vaults:4 | Reached XP level 20. HP: 198/198 MP: 29/29
 32935 | Vaults:4 | Identified the +2 robe of Free Will {^Contam +Blink +Inv
                  | rElec}
 33479 | Elf:1    | Entered Level 1 of the Elven Halls
 33565 | Elf:1    | You fall into a shaft and drop 1 floor!
 33637 | Elf:2    | Reached skill level 15 in Shields
 33723 | Elf:2    | Found a runed translucent gate.
 33723 | Elf:2    | Found a runed translucent gate.
 33724 | Elf:2    | Found a runed translucent gate.
 33749 | Elf:2    | Reached skill level 22 in Fighting
 33755 | Elf:2    | Found Kuhexzy's Assorted Antiques.
 34024 | Elf:2    | Found a runed translucent gate.
 34024 | Elf:2    | Found a runed translucent gate.
 34025 | Elf:2    | Found a runed translucent gate.
 34027 | Elf:2    | Noticed Lueha's ghost (adept DECj)
 34027 | Elf:2    | Noticed Lueha's ghost (adept DECj)
 34027 | Elf:2    | Noticed Voberhig's ghost (adept MiBe)
 34243 | Elf:2    | Killed Voberhig's ghost
 34245 | Elf:2    | Killed Lueha's ghost
 34249 | Elf:2    | Killed Lueha's ghost
 34417 | Elf:1    | Got Hall's Secrets of the Congealing Hornet
 34959 | Elf:1    | Reached skill level 15 in Dodging
 35586 | Elf:3    | Entered Level 3 of the Elven Halls
 35703 | Elf:3    | Paralysed by an air elemental for 1 turns
 35865 | Elf:3    | Reached XP level 21. HP: 204/204 MP: 30/30
 36144 | Elf:3    | Noticed Roxanne
 36150 | Elf:3    | Killed Roxanne
 36544 | Elf:3    | Identified the ring "Tofec" {Wiz rN++ Will+ Str+2 Dex-5}
 36675 | Elf:3    | Identified the +1 glaive "Seypsy" {heavy, rElec}
 36750 | Elf:3    | Identified the ring "Ewkiv" {rPois rCorr Dex+3}
 36769 | Elf:3    | Learned a level 4 spell: Dispel Undead
 37099 | Elf:3    | Identified the +5 scale mail of the Platytaur {rPois rC+
                  | rN++ Dex-5}
 37466 | Elf:3    | Identified a scroll of acquirement
 37488 | Elf:3    | Acquired the +1 pair of boots "Mojuarasm" {rElec rN+
                  | Will++}
 37543 | Elf:3    | Got the Encyclopedia of the Hummingbird
 37545 | Elf:3    | Got the Handbook of Fulmination
 37552 | Elf:3    | Identified the staff of Pykuvyoch {Fly rN+ Necro}
 37606 | Elf:3    | Identified the +7 trident of Evil {freeze, rC+ Str+2 Int+2
                  | Dex-3}
 37606 | Elf:3    | Identified the ring of Nigryith {rElec rF++ Will- rCorr
                  | Str+6}
 37625 | Elf:3    | Got Sif Muna's Atlas of the Coals and Ill Luck
 37626 | Elf:3    | Identified the +6 dagger "Lotaqez" {protect, Str+3}
 37629 | Elf:3    | Identified the +1 long sword of Ygaguah {flame, Fly Str+5}
 38071 | Swamp:4  | Killed the 27-headed Lernaean hydra
 38231 | Swamp:4  | Got a decaying rune of Zot
 38564 | Depths:1 | Entered Level 1 of the Depths
 38594 | Depths:1 | Found a transporter.
 38594 | Depths:1 | Found a transporter.
 38596 | Depths:1 | Found a transporter.
 38922 | Depths:1 | Found a transporter.
 39351 | Depths:1 | Reached skill level 23 in Fighting
 39358 | Depths:1 | Found a gateway to Hell.
 40458 | Depths:2 | Found a one-way gate leading to the halls of Pandemonium.
 40589 | Depths:2 | Noticed a golden dragon
 40595 | Depths:2 | Killed a golden dragon
 40596 | Depths:2 | Reached XP level 22. HP: 184/220 MP: 31/31
 40673 | Depths:2 | Noticed a caustic shrike
 40732 | Depths:2 | Identified the +4 battleaxe of Cocoruf {venom, *Rage rF+
                  | Str+2}
 40740 | Depths:2 | Got the Almanac of the Kraken
 40827 | Depths:2 | Got the Catalogue of Elsewhere
 40831 | Depths:2 | Learned a level 2 spell: Blink
 40922 | Depths:2 | Killed a caustic shrike
 41017 | Depths:2 | Found Rittohym's Assorted Antiques.
 41122 | Depths:3 | Found a runed translucent door.
 41144 | Depths:3 | Noticed a caustic shrike
 41147 | Depths:3 | Identified the ring of Faggaaxu {rC+ Str+6 Int+5 Dex-2
                  | Stlth+}
 41150 | Depths:3 | Killed a caustic shrike
 41151 | Depths:3 | Reached skill level 1 in Translocations
 41416 | Depths:2 | Bought a scroll of brand weapon for 427 gold pieces
 41417 | Depths:2 | Bought a scroll of brand weapon for 427 gold pieces
 41520 | Depths:3 | Found a one-way gateway to a ziggurat.
 41606 | Depths:3 | Found a runed translucent door.
 41612 | Depths:3 | Noticed a golden dragon
 41613 | Depths:3 | Noticed a golden dragon
 41627 | Depths:3 | Found a runed translucent door.
 41655 | Depths:3 | Found a one-way gate to the infinite horrors of the Abyss.
 41783 | Depths:3 | Noticed a juggernaut
 41795 | Depths:3 | Killed a juggernaut
 41805 | Depths:3 | Identified the ring "Rumor" {rC+ rCorr Dex+2 SInv}
 41818 | Depths:3 | Identified the amulet "Eqootoz" {RegenMP Fly SInv}
 41820 | Depths:3 | Identified the amulet of Relativism {Acrobat Slay+2}
 42095 | Depths:3 | Killed a golden dragon
 42101 | Depths:3 | Killed a golden dragon
 42199 | Depths:4 | Entered Level 4 of the Depths
 42202 | Depths:4 | Found Biymur's Magic Scroll Shoppe.
 42211 | Depths:4 | Bought a scroll of teleportation for 54 gold pieces
 42211 | Depths:4 | Bought a scroll of enchant armour for 135 gold pieces
 42211 | Depths:4 | Bought a scroll of blinking for 135 gold pieces
 42444 | Depths:4 | Found a gate to the Realm of Zot.
 42444 | Depths:4 | Noticed a golden dragon
 42444 | Depths:4 | Noticed a golden dragon
 42464 | Depths:4 | Killed a golden dragon
 42468 | Depths:4 | Killed a golden dragon
 42804 | Depths:4 | Found a broken altar of Ashenzari.
 43538 | Vaults:5 | Entered Level 5 of the Vaults
 43553 | Vaults:5 | Reached skill level 24 in Fighting
 43563 | Vaults:5 | Noticed a dread lich
 43564 | Vaults:5 | Noticed a golden dragon
 43565 | Vaults:5 | Reached XP level 23. HP: 214/229 MP: 32/32
 43572 | Vaults:5 | Killed a dread lich
 43623 | Vaults:5 | Noticed a dread lich
 43632 | Vaults:5 | Gained mutation: You are clumsy. (Dex -2) [a cacodemon]
 43637 | Vaults:5 | Killed a dread lich
 43895 | Vaults:5 | Acquired a manual of Axes
 43930 | Vaults:5 | Noticed an ancient lich
 43938 | Vaults:5 | Killed an ancient lich
 43960 | Vaults:5 | Identified the +3 leather armour "Moem" {Int+3}
 43962 | Vaults:5 | Identified the +11 war axe of Haollaeh {drain, *Noise Will+
                  | rCorr SInv}
 43985 | Vaults:5 | Reached skill level 5 in Translocations
 44302 | Vaults:5 | Identified the +5 orcbow of the Trees {freeze, rElec rN+++
                  | Int-5 Dex-2}
 44302 | Vaults:5 | Identified the +4 halberd "Kigoofra" {speed, rF+ rC+ MP+9
                  | Dex+2}
 44401 | Vaults:5 | Found the +0 pair of fencer's gloves {Riposte Dex+3}
 44931 | Vaults:5 | Got a silver rune of Zot
 44932 | Vaults:5 | Upgraded the game from 0.31.0-7-gf635a9b802 to
                  | 0.31.0-9-g3a7656b989
 45286 | Slime:1  | Entered Level 1 of the Pits of Slime
 45406 | Slime:1  | Found a viscous altar of Jiyva.
 45748 | Slime:2  | Reached skill level 10 in Necromancy
 45804 | Slime:2  | Reached XP level 24. HP: 236/240 MP: 32/32
 46117 | Slime:2  | Learned a level 3 spell: Passwall
 46536 | Slime:4  | Gained mutation: You are weak. (Str -2) [a shining eye]
 46718 | Slime:5  | Entered Level 5 of the Pits of Slime
 46820 | Slime:5  | Reached skill level 25 in Fighting
 46820 | Slime:5  | Reached skill level 1 in Earth Magic
 47104 | Slime:5  | Gained mutation: You are very clumsy. (Dex -4) [a shining
                  | eye]
 47105 | Slime:5  | Gained mutation: You occasionally lose the ability to drink
                  | potions when taking damage. [a shining eye]
 47111 | Slime:5  | Gained mutation: You occasionally lose the ability to read
                  | scrolls when taking damage. [a shining eye]
 47113 | Slime:5  | Gained mutation: Your body sometimes deteriorates upon
                  | taking damage. [a shining eye]
 47115 | Slime:5  | Gained mutation: Your body often deteriorates upon taking
                  | damage. [a shining eye]
 47118 | Slime:5  | Lost mutation: You occasionally lose the ability to read
                  | scrolls when taking damage. [potion of mutation]
 47118 | Slime:5  | Lost mutation: You are weak. (Str -2) [potion of mutation]
 47118 | Slime:5  | Gained mutation: You have large cloven feet. [potion of
                  | mutation]
 47119 | Slime:5  | Lost mutation: You have large cloven feet. [potion of
                  | mutation]
 47119 | Slime:5  | Lost mutation: You occasionally lose the ability to drink
                  | potions when taking damage. [potion of mutation]
 47119 | Slime:5  | Lost mutation: You are very clumsy. (Dex -4) [potion of
                  | mutation]
 47119 | Slime:5  | Gained mutation: Armour fits poorly on your strangely
                  | shaped body. [potion of mutation]
 47226 | Slime:5  | Noticed the Royal Jelly
 47237 | Slime:5  | Killed the Royal Jelly
 47320 | Slime:5  | Got the Catalogue of the Harmful Sixfirhy
 47533 | Slime:5  | Got a slimy rune of Zot
 47781 | Slime:5  | Identified the +1 great mace "Hydrabane" {freeze, MP+9
                  | Str+4}
 48253 | Crypt:1  | Entered Level 1 of the Crypt
 48318 | Crypt:1  | Lost mutation: Your body often deteriorates upon taking
                  | damage. [potion of mutation]
 48318 | Crypt:1  | Lost mutation: Your body sometimes deteriorates upon taking
                  | damage. [potion of mutation]
 48318 | Crypt:1  | Gained mutation: Your magical capacity is low. (-10% MP)
                  | [potion of mutation]
 48318 | Crypt:1  | Gained mutation: You have hidden genetic defects. [potion
                  | of mutation]
 48318 | Crypt:1  | Lost mutation: Armour fits poorly on your strangely shaped
                  | body. [potion of mutation]
 48318 | Crypt:1  | Gained mutation: You are partially covered in iridescent
                  | scales. (AC +2) [potion of mutation]
 48319 | Crypt:1  | Lost mutation: You are clumsy. (Dex -2) [potion of
                  | mutation]
 48319 | Crypt:1  | Lost mutation: You are partially covered in iridescent
                  | scales. (AC +2) [potion of mutation]
 48319 | Crypt:1  | Lost mutation: You have hidden genetic defects. [potion of
                  | mutation]
 48319 | Crypt:1  | Gained mutation: You occasionally lose the ability to read
                  | scrolls when taking damage. [potion of mutation]
 48319 | Crypt:1  | Gained mutation: You are robust. (+10% HP) [potion of
                  | mutation]
 48320 | Crypt:1  | Lost mutation: You are robust. (+10% HP) [potion of
                  | mutation]
 48320 | Crypt:1  | Lost mutation: Your magical capacity is low. (-10% MP)
                  | [potion of mutation]
 48320 | Crypt:1  | Lost mutation: You occasionally lose the ability to read
                  | scrolls when taking damage. [potion of mutation]
 48320 | Crypt:1  | Gained mutation: Your natural rate of healing is unusually
                  | fast. [potion of mutation]
 48320 | Crypt:1  | Gained mutation: Your mind is acute. (Int +4, Str/Dex -1)
                  | [potion of mutation]
 48320 | Crypt:1  | Gained mutation: You occasionally shout uncontrollably at
                  | your foes. [potion of mutation]
 49129 | Crypt:2  | Found a transporter.
 49135 | Crypt:2  | Found a transporter.
 49137 | Crypt:2  | Noticed Roocroe's ghost (veteran MiGl)
 49145 | Crypt:2  | Noticed Bai Suzhen
 49153 | Crypt:2  | Killed Bai Suzhen
 49169 | Crypt:2  | Found a magical portal.
 49185 | WizLab   | Entered The Roulette of Golubria
 49185 | WizLab   | Found a transporter.
 49188 | WizLab   | Found a corrupted altar of Lugonu.
 49197 | WizLab   | Found a transporter.
 49209 | WizLab   | Found a transporter.
 49228 | WizLab   | Found a transporter.
 49288 | WizLab   | Found a corrupted altar of Lugonu.
 49297 | WizLab   | Found a transporter.
 49353 | WizLab   | Found a transporter.
 49354 | WizLab   | Found a transporter.
 49485 | WizLab   | Found a transporter.
 49703 | WizLab   | Got Sif Muna's Secrets of Nonlocality
 49705 | WizLab   | Identified the +2 cloak of Chill Winds {rPois}
 49711 | WizLab   | Identified the +1 cloak of the Skies Above {rCorr SInv}
 49713 | WizLab   | Identified the +1 cloak of Pynut {Harm rC+ Int-3 Stlth+}
 49736 | WizLab   | Found a transporter.
 49780 | WizLab   | Found a transporter.
 49781 | WizLab   | Found a corrupted altar of Lugonu.
 49784 | WizLab   | Reached skill level 5 in Earth Magic
 49891 | WizLab   | Found a transporter.
 49891 | WizLab   | Found a transporter.
 50035 | WizLab   | Found a transporter.
 50035 | WizLab   | Found a transporter.
 50087 | WizLab   | Found a corrupted altar of Lugonu.
 50089 | WizLab   | Found a transporter.
 50089 | WizLab   | Found a transporter.
 50118 | WizLab   | Found a transporter.
 50118 | WizLab   | Found a transporter.
 50143 | WizLab   | Found a transporter.
 50236 | WizLab   | Found a corrupted altar of Lugonu.
 50747 | Crypt:2  | Got Sitwuare's Secrets of Clouds and the Fault
 50980 | Crypt:2  | Identified the ring of the Hurling Gods {Wiz rCorr}
 51092 | Crypt:3  | Entered Level 3 of the Crypt
 51189 | Crypt:3  | Reached XP level 25. HP: 139/250 MP: 24/32
 51419 | Crypt:3  | Found a staircase to the Tomb.
 51979 | Crypt:3  | Noticed a dread lich
 52000 | Crypt:3  | Killed a dread lich
 52007 | Crypt:3  | Got the Folio of Corpses
 52012 | Crypt:3  | Identified the staff of Wu Jian's Reproof {^Contam +Blink
                  | rElec Int+4 Dex+3 Air}
 52310 | Zot:1    | Entered Level 1 of the Realm of Zot
 52527 | Zot:1    | Noticed Grunn
 52553 | Zot:1    | Killed Grunn
 53076 | Zot:2    | Reached skill level 26 in Fighting
 53543 | Zot:2    | Got the Catalogue of the Grave and Reformation
 53753 | Zot:2    | Reached skill level 1 in Air Magic
 54202 | Zot:3    | Reached XP level 26. HP: 262/264 MP: 32/32
 54319 | Zot:5    | Entered Level 5 of the Realm of Zot
 54664 | Zot:5    | Learned a level 4 spell: Vhi's Electric Charge
 54691 | Zot:5    | Noticed an ancient lich
 54699 | Zot:5    | Killed an ancient lich
 54702 | Zot:5    | Noticed an orb of fire
 54713 | Zot:5    | Lost mutation: Your natural rate of healing is unusually
                  | fast. [an orb of fire]
 54713 | Zot:5    | Gained mutation: You occasionally lose the ability to read
                  | scrolls when taking damage. [an orb of fire]
 54714 | Zot:5    | Killed an orb of fire
 55324 | Zot:5    | Got the Orb of Zot
 55505 | Depths:4 | Noticed a juggernaut
 55514 | Depths:3 | Lost mutation: You occasionally shout uncontrollably at
                  | your foes. [potion of mutation]
 55514 | Depths:3 | Lost mutation: Your mind is acute. (Int +4, Str/Dex -1)
                  | [potion of mutation]
 55514 | Depths:3 | Lost mutation: You occasionally lose the ability to read
                  | scrolls when taking damage. [potion of mutation]
 55514 | Depths:3 | Gained mutation: Your muscles are strong. (Str +4, Int/Dex
                  | -1) [potion of mutation]
 55514 | Depths:3 | Gained mutation: Your magical capacity is low. (-10% MP)
                  | [potion of mutation]
 55520 | Depths:3 | Noticed Nodwes the pandemonium lord
 55790 | D:1      | Noticed Kiryess the pandemonium lord
 55797 | D:1      | Killed Kiryess the pandemonium lord
 55805 | D:1      | Noticed Ybbog the pandemonium lord
 55810 | D:1      | Killed Ybbog the pandemonium lord
 55811 | D:1      | Reached skill level 5 in Air Magic
 55851 | D:$      | Escaped with the Orb!

Illustrated notes

Levels and vault maps discovered:
D:1:      elethiomel_arrival_quiet, layout_loops_corners,
          chequers_ecumenical_altar_twisty, chequers_serial_rivers_large_a
D:2:      layout_rooms, kennysheep_generic_room_12, uniq_jessica
D:3:      layout_basic, serial_shops, shop, due_unseen_surprise
D:4:      layout_loops_cross, serial_shops, nicolae_shop_peninsula
D:5:      layout_basic, mainiacjoe_overflow_alcove_4, uniq_menkaure
D:6:      layout_basic, nicolae_ossuary_entry_catacombs
D:7:      layout_gridville, mainiacjoe_overflow_24_doors,
          minmay_temple_entry_slanted
D:8:      layout_loops_ring, hellmonk_lair_entry_icy, serial_bayou,
          serial_bayou_pond_a, serial_bayou_pond_e, serial_bayou_shore_b,
          serial_bayou_lagoon_a
D:9:      layout_irregular_city, grunt_temple_overflow_diamond, serial_shops,
          nicolae_shop_behind_doors, uniq_joseph
D:10:     layout_basic, grunt_decor_fettered
D:11:     layout_loops_corners, erik_orc_1
D:12:     layout_roguey, kennysheep_generic_room_13
D:13:     layout_irregular_city, gauntlet_entry_generic
D:14:     layout_loops_ring, hellmonk_vaults_order_and_chaos,
          minmay_misc_feat_ornament
D:15:     hangedman_crystal_crosses_colossus [crystal_crosses_arms_two,
          crystal_crosses_arms_two, crystal_crosses_arms_one], uniq_rupert
Temple:   bh_familiar_temple
Lair:1:   layout_concentric_octagons, ebering_ghost_reflecting_pool,
          grunt_megastairs_2, serial_bayou_shore_b
Lair:2:   layout_cave_pods, mainiacjoe_swamp_entry_angry_trees,
          grunt_forest_large_clearings
Lair:3:   nzn_winding_woodlands_cross [nzn_winding_woodlands_5x15_garden,
          nzn_winding_woodlands_5x15_twine, nzn_winding_woodlands_5x15_crooked,
          nzn_winding_woodlands_5x15_zeroes,
          nzn_winding_woodlands_15x15_thick_spiral], layout_regular_city,
          spider_nest_entry_rubble, serial_bayou_shore_a
Lair:4:   layout_regular_city, lemuel_fruit_tree
Lair:5:   evilmike_catoblepas_cave, layout_regular_city,
          dpeg_slime_entry_enclosed, serial_bayou_pond_c
Swamp:1:  layout_basic_swamp, portal_ice_cave_entry_ugly_swarm,
          evilmike_swamp_ruin_wall, infiniplex_staircase_pool, uniq_jorgrun
Swamp:2:  layout_basic_swamp, nicolae_swamp_bean_lake, swamp_pool_1_2
Swamp:3:  layout_basic_swamp, evilmike_swamp_ruin_house_5,
          infiniplex_staircase_pool_2
Swamp:4:  swamp_old_school, layout_basic_swamp
Spider:1: layout_spider_delve, uniq_agnes
Spider:2: layout_cave_pods, gammafunk_ghost_grave,
          nicolae_spider_solar_radiation
Spider:3: layout_spider_delve, gammafunk_ghost_grave
Spider:4: johnstein_spider_rune_arachne_lair, nicolae_spider_scorpion_nest
Slime:1:  layout_caves, basic_altar
Slime:2:  layout_caves
Slime:3:  layout_caves
Slime:4:  layout_caves
Slime:5:  slime_pit_nicolae_inversion
Orc:1:    layout_caves, serial_shops, nicolae_shop_overgrown_old_shop,
          uniq_maurice
Orc:2:    st_orc_mages, layout_caves, mines1_david, uniq_saint_roka
Elf:1:    layout_loops_corners, nicolae_elf_shapeshifter_party
Elf:2:    elven_hall_of_blades_hangedman_original [mumra_blade_entry_dagger],
          layout_geoelf_grid, serial_shops, shop, gammafunk_ghost_cemetery
Elf:3:    elf_hall_gauntlet_narrow, layout_gridlike, uniq_roxanne
Vaults:1: nicolae_vaults_offset_grid_hallway_2, ontoclasm_vaults_ligature,
          v_misc_11, vaults_standard_mumra_enter_the_diamond,
          nicolae_vaults_tangram_2, nicolae_vaults_closet_pinwheel_5,
          nicolae_vaults_trapezoid_layered, ontoclasm_vaults_idyll, v_misc_11,
          ontoclasm_vaults_decontamination, layout_vaults_big_room,
          serial_shops, shop, nicolae_shop_waterfront
Vaults:2: portal_desolation_entry_ruin, nicolae_vaults_sesquioval_fish,
          hangedman_vaults_corner, vaults_standard_mumra_lines,
          nicolae_vaults_bisected_slash, nicolae_vaults_yaktaur_gun_rack,
          nicolae_vaults_trapezoid_2, nicolae_vaults_network_barrier,
          v_alt_pattern_2, vaults_room_large_hall, nicolae_vaults_tangram_1,
          nicolae_vaults_trapezoid_4, layout_vaults_omnibox
Vaults:3: hangedman_vaults_impose, minmay_crypt_entry_simple_walls,
          vaults_room_octagon, hangedman_vaults_stretched_pinwheel,
          ontoclasm_vaults_eye, hangedman_vaults_snaps, st_more_cells,
          nicolae_vaults_tetromino_L_2, nicolae_vaults_sightless_eye,
          grunt_vaults_focal, layout_vaults_ring
Vaults:4: nicolae_vaults_two_Ls, nicolae_vaults_six-pack,
          vaults_standard_mumra_x, nicolae_vaults_triangles, v_misc_15,
          v_misc_25, nicolae_vaults_oval_intersection,
          vaults_standard_mumra_enter_the_diamond, nicolae_vaults_wine_cellar,
          nicolae_vaults_oval_intersection, v_rooms_5,
          vaults_room_guarded_vault, vaults_mumra_chevron,
          nicolae_vaults_double_plus_2, vaults_mumra_lcd, grunt_vaults_bifocal,
          nicolae_vaults_little_squares_4, layout_vaults_maze_bifur,
          serial_shops, nicolae_shop_hallway_stairs
Vaults:5
Crypt:1:  layout_regular_city, minmay_misc_feat_pillars, minivault_26,
          grunt_crypt_arrival_guarded_gate
Crypt:2:  layout_misc_corridors, gammafunk_ghost_abyssal_escape,
          mu_enter_wizlab_4, st_small_mortuary, uniq_bai_suzhen
Crypt:3:  david_glass_crypt, layout_misc_corridors
Depths:1: layout_gridlike, grunt_hell_entry_demonic_statue,
          nicolae_diode_quadrants
Depths:2: minmay_tile_spiral, layout_cave_pools, hell_entry,
          rand_demon_pan_entry_3, minmay_misc_feat_diagonals,
          nicolae_take_the_stairs, minmay_staircase_windowed_small
Depths:3: minmay_the_grid_triangle_9x9_rhombus_full_mashed
          [minmay_the_grid_triangle_9x9_steps,
          minmay_the_grid_triangle_9x9_sprig,
          minmay_the_grid_triangle_9x9_fully_insulated_deathbox,
          minmay_the_grid_triangle_9x9_thin_v,
          minmay_the_grid_triangle_9x9_empty,
          minmay_the_grid_triangle_9x9_negative_grid,
          minmay_the_grid_triangle_9x9_impossible_snake,
          minmay_the_grid_triangle_9x9_prize_special], layout_small_grid,
          enter_ziggurat_d, hell_entry, pan_entry, abyss_entry,
          serial_bayou_shore_b, serial_glass, glass_columns_b, glass_columns_b,
          statue_in_the_mist_lemuel, corner_web_ring,
          hangedman_decor_clover_reticule
Depths:4: grunt_crosshair, layout_gridlike, hell_entry, serial_shops,
          nicolae_shop_statue_plus, pan_entry, nicolae_ashenzari_skybound,
          serial_bayou_shore_b
Zot:1:    layout_twisted_circle, regret_index_zotdec_bone_old, uniq_grunn
Zot:2:    regret_index_all_hallows'_manor, layout_basic, nicolae_zot_crop_circle
Zot:3:    layout_gridlike, grunt_megastairs_1
Zot:4:    layout_concentric_octagons
Zot:5:    layout_misc_corridors, st_stairs_7

Skill      XL: |  1  2  3  4  5  6  7  8  9 10 11 12 13 14 15 16 17 18 19 20 21 22 23 24 25 26 |
---------------+-------------------------------------------------------------------------------+-----
Axes           | 3 4 5 6 8 9 11 13 14 16 17 18 20 22 23 | 23.7
Fighting       | 4 5 6 7 8 10 11 12 13 14 16 17 18 19 20 21 22 23 24 25 26 | 26.8
Armour         | 4 7 8 10 11 13 15 16 17 18 19 20 21 22 23 24 25 | 25.8
Invocations    | 3 5 7 9 11 12 13 14 | 14.0
Evocations     | 1 4 6 |  6.0
Dodging        | 5 8 10 12 13 15 16 17 18 20 | 20.5
Shields        | 7 9 12 13 14 15 17 18 19 20 21 | 21.7
Necromancy     | 3 6 7 8 10 | 10.0
Spellcasting   | 1 2 |  2.0
Translocations | 3 5 6 8 |  8.0
Earth Magic    | 6 |  6.0
Air Magic      | 1 5 |  5.0

Action                     |  1- 3 |  4- 6 |  7- 9 | 10-12 | 13-15 | 16-18 | 19-21 | 22-24 | 25-27 || total
---------------------------+-------+-------+-------+-------+-------+-------+-------+-------+-------++-------
  Melee: War axe           |    75 |   107 |   352 |   585 |   165 |       |       |       |       ||  1284
         Headbutt          |     8 |    12 |    64 |   145 |   169 |   185 |   239 |   285 |   162 ||  1269
         Morningstar       |       |       |       |    11 |    17 |       |       |       |       ||    28
         Broad axe         |       |       |       |       |   518 |   787 |   862 |  1005 |   509 ||  3681
  Throw: Throwing net      |       |       |       |       |     1 |       |       |       |       ||     1
   Cast: Fugue of the Fall |       |       |       |       |       |       |    37 |    36 |     5 ||    78
 Invoke: Serpent's Lash    |       |     1 |       |       |       |       |       |       |       ||     1
         Slouch            |       |       |       |       |     5 |     5 |     2 |     6 |     1 ||    19
         Temporal Distorti |       |       |       |       |       |     1 |       |       |       ||     1
Ability: Lunge             |    11 |    15 |    25 |       |       |       |       |       |       ||    51
  Evoke: Wand              |       |       |       |     2 |     7 |     8 |     1 |     8 |     2 ||    28
         Box of beasts     |       |       |       |       |       |     1 |       |       |       ||     1
         Phial of floods   |       |       |       |       |       |       |     1 |       |       ||     1
         Tin of tremorston |       |       |       |       |       |       |       |     1 |       ||     1
    Use: Scroll            |       |     5 |     7 |    12 |    12 |    14 |     2 |    22 |     7 ||    81
         Potion            |       |       |     1 |     4 |       |    10 |     4 |     6 |     4 ||    29
   Stab: Paralysed         |       |       |       |     3 |     1 |     1 |       |       |       ||     5
         Petrified         |       |       |       |       |     1 |       |       |       |       ||     1
         Petrifying        |       |       |       |       |     1 |       |       |       |       ||     1
         Distracted        |       |       |       |       |       |       |     1 |     1 |       ||     2
 Armour: Scale mail        |    52 |    66 |    13 |       |       |       |       |       |       ||   131
         Ring mail         |       |       |    19 |       |       |       |       |       |       ||    19
         Plate armour      |       |       |   152 |   393 |   616 |   782 |   365 |    64 |       ||  2372
         Skin              |       |       |       |    17 |       |    22 |       |       |       ||    39
         Gold dragon scale |       |       |       |       |       |       |       |   384 |   444 ||   828
  Dodge: Dodged            |    42 |    62 |   158 |   276 |   457 |  1122 |   495 |   443 |   398 ||  3453
  Block: Buckler           |    15 |    22 |    67 |   158 |   256 |   527 |    71 |       |       ||  1116
         Reflection        |       |       |       |       |       |    12 |   103 |    61 |    10 ||   186
         Tower shield      |       |       |       |       |       |       |  1143 |  1608 |   972 ||  3723
